 Dungeon Crawl Stone Soup version 0.17.0-26-gececa24 (webtiles) character file.

149 oplop the Covered (level 5, -5/34 HPs)
             Began as a Gargoyle Fighter on Nov 20, 2015.
             Killed by divine providence
             ... invoked by an orc priest
              (15 damage)
             ... on level 3 of the Dungeon.
             The game lasted 00:03:15 (1728 turns).

oplop the Covered (Gargoyle Fighter)                Turns: 1728, Time: 00:03:15

Health: -5/34      AC: 11    Str: 20    XL:     5   Next: 31%
Magic:  5/5        EV:  7    Int:  8    God:
Gold:   109        SH:  9    Dex: 10    Spells: 0 memorised, 4 levels left

rFire  . . .     SeeInvis .     g - +1 whip (venom)
rCold  . . .     Clarity  .     b - +0 scale mail
rNeg   + . .     SustAt   .     c - +0 shield
rPois  ∞         Gourm    .     (no helmet)
rElec  +         Spirit   .     (no cloak)
rCorr  .         Warding  .     (no gloves)
rMut   .         Stasis   .     (no boots)
MR     .....                    (no amulet)
Stlth  ..........               (no ring)
                                (no ring)

@: not resistant to hostile enchantments, extremely unstealthy
A: negative energy resistance 1, electricity resistance, unbreathing,
petrification resistance, rot immunity, AC +4
a: no special abilities


You were on level 3 of the Dungeon.
You were not hungry.

You visited 1 branch of the dungeon, and saw 3 of its levels.

You collected 109 gold pieces.

Inventory:

Hand Weapons
 a - a +0 flail
 g - a +1 whip of venom (weapon)
Armour
 b - a +0 scale mail (worn)
 c - a +0 shield (worn)
Jewellery
 m - an uncursed amulet of stasis
Wands
 u - a wand of frost (19)
Scrolls
 f - a scroll of recharging {unknown}
 j - 3 scrolls of remove curse {unknown}
 k - 2 scrolls of identify {unknown}
 n - a scroll of enchant armour {unknown}
 p - a scroll of amnesia {unknown}
 q - 2 scrolls of magic mapping {unknown}
 r - a scroll of noise {unknown}
 t - a scroll of blinking {unknown}
 v - a scroll of random uselessness {unknown}
 x - a scroll of teleportation {unknown}
Potions
 d - a potion of might
 h - a potion of flight {unknown}
 i - a potion of degeneration {unknown}
 l - a potion of mutation {unknown}
 s - a potion of cancellation {unknown}
 w - a potion of resistance {unknown}
 z - a potion of ambrosia {unknown}
 A - a potion of berserk rage {unknown}
Comestibles
 e - 3 bread rations
 o - a beef jerky


   Skills:
 + Level 4.3 Fighting
 + Level 2.9 Maces & Flails
 + Level 4.4 Armour
 + Level 4.2 Shields


You had 4 spell levels left.
You didn't know any spells.

Dungeon Overview and Level Annotations

Branches:
Dungeon (3/15)

Altars:
Yredelemnul
The Shining One


Innate Abilities, Weirdness & Mutations

You are resistant to torment.
Your stone body is resilient (AC +4).
You are immune to poison.
You resist negative energy.
You are resistant to electric shocks.
You can survive without breathing.
You are immune to petrification.
You are immune to rotting.


Message History

The orc priest invokes the aid of Beogh against you.
Something smites you!
The orc shouts!
You hear a shout!
You hear a shout!
You hear a shout!
You hear a shout!
You kill the orc priest!
The orc priest mumbles some strange prayers to Beogh against you.
Pain shoots through your body!
The orc priest shouts! 2 orcs come into view.
The orc shouts! x2
You block the orc's attack.
Your shield and scale mail prevent you from hitting the orc.
You block the orc's attack.
The orc priest miscasts a cantrip.
The orc priest calls down the wrath of Beogh upon you.
Pain shoots through your body!
* * * LOW HITPOINT WARNING * * *
The orc priest calls down the wrath of Beogh upon you.
Something smites you!
You die...

#)#.# #...#.# #..<#
#.#.†.#.# ##.##
#.##..#.# #.
#.##o.#o# #.
#.##o.._. #.
#.##..#.# #.
#.##o##..
#.##########.##....o
#..@...ooo.#o#####.#
##########o#.......#
#.o..o.o..)
###########


You could see an orc priest and 3 orcs.

Vanquished Creatures
  An orc priest (D:3)
  6 adders
  An ooze (D:2)
  3 worms
  3 giant geckos
  2 ball pythons
  3 bats
  4 giant cockroaches
  8 goblins
  5 hobgoblins
  2 jackals (D:2)
  2 quokkas
  3 giant newts (D:2)
  11 kobolds
  3 rats (D:1)
57 creatures vanquished.

Notes
Turn   | Place    | Note
--------------------------------------------------------------
     0 | D:1      | oplop the Gargoyle Fighter began the quest for the Orb.
     0 | D:1      | Reached XP level 1. HP: 14/14 MP: 1/1
   206 | D:1      | Reached XP level 2. HP: 17/19 MP: 2/2
   795 | D:1      | Reached XP level 3. HP: 21/24 MP: 3/3
   971 | D:2      | Reached skill level 4 in Fighting
  1042 | D:2      | Reached XP level 4. HP: 18/29 MP: 4/4
  1545 | D:3      | Found a basalt altar of Yredelemnul.
  1665 | D:3      | Reached XP level 5. HP: 33/33 MP: 5/5
  1675 | D:3      | Found a glowing golden altar of the Shining One.
  1728 | D:3      | Killed from afar by an orc priest

Action                   |  1- 3 |  4- 6 || total
-------------------------+-------+-------++-------
Melee: Flail             |    29 |       ||    29
       Whip              |    93 |    90 ||   183
  Eat: Chunk             |       |     3 ||     3
